 Dungeon Crawl Stone Soup version 0.29-a0-819-g94b489e0ae (webtiles) character file.

Game seed: 5983914579653050823

64 edwat the Ogre Mage (level 4, 0/41 HPs)
             Began as an Ogre Hedge Wizard on July 7, 2022.
             Was a Follower of Uskayaw.
             Slain by Crazy Yiuf
             ... wielding a +3 quarterstaff of chaos
              (5 damage)
             ... on level 2 of the Dungeon.
             The game lasted 00:15:03 (2131 turns).

edwat the Ogre Mage (Ogre Hedge Wizard)             Turns: 2131, Time: 00:15:03

Health: 0/41       AC: 14    Str: 14    XL:     4   Next: 12%
Magic:  0/10       EV: 15    Int: 17    God:    Uskayaw [*.....]
Gold:   102        SH:  0    Dex:  8    Spells: 9/12 levels left

rFire   . . .      SeeInvis .   h - +1 whip (protect)
rCold   . . .      Faith    +   (no shield)
rNeg    . . .      Spirit   .   b - +0 robe
rPois   .          Reflect  .   c - +0 hat
rElec   .          Harm     .   (no cloak)
rCorr   .          Rampage  .   (gloves unavailable)
Will    .....                   (boots unavailable)
Stlth   +.........              n - amulet of faith
HPRegen 0.13/turn               e - +4 ring of protection
MPRegen 0.12/turn               (no ring)

@: agile, under a protective aura, hasted, very quick
A: large, unfitting armour, tough skin 1
a: Renounce Religion, Stomp


You were on level 2 of the Dungeon.
You worshipped Uskayaw.
Uskayaw was noncommittal.
You visited 1 branch of the dungeon, and saw 2 of its levels.

You collected 102 gold pieces.

Inventory:

Hand Weapons
 f - a +0 war axe
 h - a +1 whip of protection (weapon)
Armour
 b - a +0 robe (worn)
 c - a +0 hat (worn)
Jewellery
 e - a +4 ring of protection (left hand)
 n - an amulet of faith (around neck)
Scrolls
 o - a scroll of fog
Potions
 a - a potion of haste
 d - 2 potions of magic
 i - a potion of resistance {unknown}
 j - 3 potions of curing {unknown}
 k - a potion of brilliance {unknown}
 p - 2 potions of attraction {unknown}


   Skills:
 * Level 1.2 Fighting
 - Level 0.3(0.5) Axes
 + Level 0.2(0.3) Maces & Flails
 + Level 2.5 Dodging
 - Level 1.5 Stealth
 + Level 4.5 Spellcasting
 + Level 1.1 Conjurations
 + Level 0.9 Summonings
 + Level 0.8 Translocations


You had 9 spell levels left.
You knew the following spells:

 Your Spells              Type           Power      Damage    Failure   Level
a - Magic Dart            Conj           28%        1d4       10%         1
b - Call Imp              Summ           7%         N/A       16%         2

Your spell library contained the following spells:

 Spells                   Type           Power      Damage    Failure   Level
 Slow                     Hex            12%        N/A       16%         1
 Blink                    Tloc           12%        N/A       16%         2
 Conjure Flame            Conj/Fire      5%         6-21      34%         3
 Mephitic Cloud           Conj/Pois/Air  5%         N/A       36%         3


Dungeon Overview and Level Annotations

Branches:
Dungeon (2/15)

Altars:
Uskayaw

Annotations:
D:2 Crazy Yiuf


Innate Abilities, Weirdness & Mutations

You are too large for most types of armour.
You have tough skin. (AC +1)


Message History

You hit Crazy Yiuf but do no damage.
Crazy Yiuf is severely wounded.
Crazy Yiuf whimpers, "Whiteboard hog rumpyflump!"
Crazy Yiuf completely misses you.
You barely miss Crazy Yiuf.
Crazy Yiuf is severely wounded.
Aiming: Magic Dart (safe; 10% risk of failure)
Press: ? - help, Q - select action, (/) - cycle Shift-Dir - straight line, f - Crazy Yiuf
Aim: Crazy Yiuf, wielding a +3 quarterstaff of chaos and wearing a +1 cloak of willpower (severely wounded, 100% to hit)
The magic dart hits Crazy Yiuf.
Crazy Yiuf is severely wounded.
Crazy Yiuf misses you.
Activating: Stomp
Press: ? - help, Q - select action, (/) - cycle Dir - look around, f - activate You stomp with the beat, sending a shockwave through the revellers around you!
Crazy Yiuf is almost dead.
You can no longer pass through a line of other dancers.
Crazy Yiuf closely misses you.
You completely miss Crazy Yiuf.
Crazy Yiuf is almost dead.
You barely miss Crazy Yiuf.
Crazy Yiuf is almost dead.
Crazy Yiuf hits you with a +3 quarterstaff of chaos.
Crazy Yiuf burns you.
You barely miss Crazy Yiuf.
Crazy Yiuf is almost dead.
Crazy Yiuf hits you with a +3 quarterstaff of chaos!
You feel your power leaking away.
You hit Crazy Yiuf but do no damage.
Your weapon exudes an aura of protection.
Crazy Yiuf is almost dead.
Crazy Yiuf hits you with a +3 quarterstaff of chaos.
You completely miss Crazy Yiuf.
Crazy Yiuf is almost dead.
You barely miss Crazy Yiuf.
Crazy Yiuf is almost dead.
Crazy Yiuf hits you with a +3 quarterstaff of chaos!
* * * LOW HITPOINT WARNING * * *
Crazy Yiuf burns you.
You die...

###..####......#####
#....# #......#
♣.P..♣ #......#
♣♣PP)♣ #......#
♣♣)♣♣ ######## ♣♣.♣
♣.♣♣ ♣♣○♣ ♣@♣♣ #g#
°°. #.°°# #°○.#
#####


You could see Crazy Yiuf.

Vanquished Creatures
  An adder (D:2)
  5 ball pythons
  4 bats
  3 endoplasms
  2 giant cockroaches (D:1)
  5 goblins
  5 hobgoblins (D:2)
  3 quokkas (D:1)
  2 frilled lizards (D:2)
  7 kobolds
  8 rats
45 creatures vanquished.

Vanquished Creatures (collateral kills)
  2 ball pythons (D:1)
  A bat (D:2)
  2 kobolds
5 creatures vanquished.

Grand Total: 50 creatures vanquished

Notes
Turn   | Place    | Note
-------+----------+-------------------------------------------
     0 | D:1      | edwat the Ogre Hedge Wizard began the quest for the Orb.
     0 | D:1      | Reached XP level 1. HP: 16/16 MP: 5/5
   324 | D:1      | Reached skill level 4 in Spellcasting
   324 | D:1      | Reached XP level 2. HP: 24/24 MP: 4/7
   800 | D:1      | Learned a level 2 spell: Call Imp
   806 | D:1      | Found a faded altar of an unknown god.
   828 | D:1      | Prayed at the altar of an unknown god.
   828 | D:1      | Became a worshipper of Uskayaw the Reveller
   828 | D:1      | Reached * piety under Uskayaw
   837 | D:1      | Reached XP level 3. HP: 32/32 MP: 4/8
  1436 | D:2      | Reached skill level 1 in Conjurations
  1465 | D:2      | Reached skill level 1 in Fighting
  1732 | D:2      | Reached XP level 4. HP: 39/41 MP: 2/10
  2102 | D:2      | Found a runed translucent door.
  2103 | D:2      | Noticed Crazy Yiuf
  2112 | D:2      | Reached ** piety under Uskayaw
  2131 | D:2      | Slain by Crazy Yiuf

Illustrated notes

Levels and vault maps discovered:
D:1:      kilobyte_arrival_exit_the_forest, layout_basic,
          chequers_ecumenical_altar_simple_redux, minmay_3d_cube
D:2:      layout_basic, minmay_misc_feat_four_crosses, uniq_crazy_yiuf_cottage

Skill      XL: |  1  2  3 |
---------------+----------+-----
Spellcasting   | 4 |  4.5
Dodging        | 2 |  2.5
Conjurations   | 1 |  1.1
Fighting       | 1 |  1.2
Axes           | |  0.3
Maces & Flails | |  0.2
Stealth        | |  1.5
Summonings     | |  0.9
Translocations | |  0.8

Action                   |  1- 3 |  4- 6 || total
-------------------------+-------+-------++-------
Melee: Dagger            |    10 |       ||    10
       War axe           |    23 |       ||    23
       Whip              |    56 |    28 ||    84
 Cast: Magic Dart        |    44 |     8 ||    52
       Call Imp          |     3 |       ||     3
Invok: Stomp             |     2 |     1 ||     3
  Use: Scroll            |     2 |     2 ||     4
       Potion            |     1 |     2 ||     3
 Stab: Sleeping          |     1 |       ||     1
Armor: Robe              |    50 |     5 ||    55
Dodge: Dodged            |    44 |    13 ||    57

Table legend: (Time is in decaauts)
 A = Elapsed time spent in this place.
 B = Non-inter-level travel time spent in this place.
 C = Inter-level travel time spent in this place.
 D = Time resting spent in this place.
 E = Time spent auto-exploring this place.
 F = Levels seen in this place.
 G = Mean time per level.
                   A        B        C        D        E       F      G
               +--------+--------+--------+--------+--------+-----+--------+
         Total |   2151 |   1869 |    282 |    568 |    929 |   2 | 1075.5 |
       Dungeon |   2151 |   1869 |    282 |    568 |    929 |   2 | 1075.5 |
               +--------+--------+--------+--------+--------+-----+--------+

Top non-repeatable levels by time:
     D:1: 1249 daAuts
     D:2: 901 daAuts
